 Seeded DCSS version 0.30-a0-808-g6e0788376e (webtiles) character file.

Game seed: 20230225 (custom seed)

10 Misst the Covered (level 2, -3/24 HPs)
             Began as a Human Fighter on Feb 25, 2023.
             Frozen to death by an endoplasm (5 damage)
             ... on level 1 of the Dungeon.
             The game lasted 00:02:31 (527 turns).

Misst the Covered (Human Fighter)                    Turns: 527, Time: 00:02:32

Health: -3/24      AC:  6    Str: 16    XL:     2   Next: 30%
Magic:  2/2        EV:  8    Int:  8    God:
Gold:   54         SH:  4    Dex: 12    Spells: 1/1 levels left

rFire   . . .      SeeInvis .    i - +0 club
rCold   . . .      Faith    .    b - +0 buckler
rNeg    . . .      Spirit   .    a - +0 scale mail
rPois   .          Reflect  .    (no helmet)
rElec   .          Harm     .    (no cloak)
rCorr   .          Rampage  .    (no gloves)
Will    .....                    (no boots) Stlth
                                 (no amulet)
HPRegen 0.24/turn                (no ring)
MPRegen 0.08/turn                (no ring)

@: no status effects
A: no striking features
a: no special abilities


You were on level 1 of the Dungeon.
You visited 1 branch of the dungeon, and saw 1 of its levels.

You collected 54 gold pieces.

Inventory:

Hand Weapons
 i - a +0 club (weapon)
Armour
 a - a +0 scale mail (worn)
 b - a +0 buckler (worn)
 d - a +0 pair of gloves
 f - a +1 hat
Scrolls
 e - a scroll of teleportation {unknown}
 h - a scroll of amnesia {unknown}
Potions
 c - a potion of might
 g - a potion of mutation {unknown}


   Skills:
 + Level 3.1 Fighting
 + Level 3.2 Armour
 + Level 3.1 Shields
 + Level 2.1 Unarmed Combat


You had one spell level left.
You didn't know any spells.
Your spell library was empty.

Dungeon Overview and Level Annotations

Branches:
Dungeon (1/15)

Altars:

Annotations:
D:1 1 runed translucent door


Message History

You kill the goblin!
Things that are here:
a +0 club; a goblin corpse
i - a +0 club
i - a +0 club (weapon)
An endoplasm comes into view.
The endoplasm quivers.
A hobgoblin comes into view.
You hit the hobgoblin but do no damage. The hobgoblin hits you.
You closely miss the hobgoblin.
The hobgoblin hits you but does no damage.
You block the hobgoblin's attack.
You closely miss the hobgoblin. You block the hobgoblin's attack.
The endoplasm barely misses you.
You hit the hobgoblin.
The hobgoblin is severely wounded.
The hobgoblin barely misses you. You block the endoplasm's attack.
You completely miss the hobgoblin.
The hobgoblin is severely wounded.
The hobgoblin hits you but does no damage.
The endoplasm freezes you.
You are frozen.
The hobgoblin hits you. The endoplasm freezes you.
You are frozen.
You hit the hobgoblin but do no damage.
The hobgoblin is severely wounded.
The endoplasm barely misses you. The hobgoblin hits you.
You hit the hobgoblin.
You kill the hobgoblin!
The endoplasm freezes you.
You are frozen.
* * * LOW HITPOINT WARNING * * *
The endoplasm freezes you.
You are frozen.
* * * LOW HITPOINT WARNING * * *
You see here a hobgoblin corpse.
You hit the endoplasm but do no damage. The endoplasm freezes you.
You are frozen.
You die...

#.#.#.#.#.#######.# #
#.#.....#.........# #
#.###.............###
#.......##....#......
########.......#...#'###
.......#....##.##.......
#.........##. #.......
#.##.........##.......
#J@#########.......
#........# #.......
#........# #.......
#........# ######..
.........# #.#
.....###### #.# ......#
#.. ###....# ### ##


You could see an endoplasm.

Vanquished Creatures
  A dart slug (D:1)
  A goblin (D:1)
  A hobgoblin (D:1)
  A quokka (D:1)
  A ball python (D:1)
  2 bats (D:1)
  A rat (D:1)
8 creatures vanquished.

Notes
Turn   | Place    | Note
-------+----------+-------------------------------------------
     0 | D:1      | Misst the Human Fighter began the quest for the Orb.
     0 | D:1      | Reached XP level 1. HP: 18/18 MP: 1/1
     0 | D:1      | Noticed a jelly
     2 | D:1      | Found a runed translucent door.
   235 | D:1      | Found a faded altar of an unknown god.
   361 | D:1      | Reached XP level 2. HP: 24/24 MP: 2/2
   527 | D:1      | Frozen to death by an endoplasm

Illustrated notes

Levels and vault maps discovered:
D:1:      dpeg_arrival_caged_fury, layout_basic, shapermc_ecumenical_altar_venn,
          minmay_misc_feat_ornament

Action                     || total
---------------------------++-------
  Melee: Unarmed           ||    26
         Club              ||     8
 Armour: Scale mail        ||    26
  Dodge: Dodged            ||    15
  Block: Buckler           ||     8

Table legend: (Time is in decaauts)
 A = Elapsed time spent in this place.
 B = Non-inter-level travel time spent in this place.
 C = Inter-level travel time spent in this place.
 D = Time resting spent in this place.
 E = Time spent auto-exploring this place.
 F = Levels seen in this place.
 G = Mean time per level.
                   A        B        C        D        E       F      G
               +--------+--------+--------+--------+--------+-----+--------+
         Total |    528 |    347 |    181 |      0 |    253 |   1 |  528.0 |
       Dungeon |    528 |    347 |    181 |      0 |    253 |   1 |  528.0 |
               +--------+--------+--------+--------+--------+-----+--------+

Top non-repeatable levels by time:
     D:1: 528 daAuts
